 Dungeon Crawl Stone Soup version 0.29.1-15-g9cfb28693d (webtiles) character file.

Game seed: 6514448377992350108

1052 DemonSlayer the Magician (level 8, -1/40 (42) HPs)
             Began as a Tengu Earth Elementalist on Mar 4, 2023.
             Was a Follower of Uskayaw.
             Slain by an orc warrior
             ... wielding a +0 mace
              (11 damage)
             ... on level 7 of the Dungeon.
             The game lasted 00:14:33 (7364 turns).

DemonSlayer the Magician (Tengu Earth Elementalist) Turns: 7364, Time: 00:14:34

HP:   -1/40 (42)    AC: 11    Str: 11    XL:     8   Next: 26%
MP:   18/18         EV: 15    Int: 15    God:    Uskayaw [*.....]
Gold: 106           SH:  0    Dex: 15    Spells: 6/20 levels left

rFire   . . .      SeeInvis +   l - staff of earth
rCold   . . .      Faith    .   (no shield)
rNeg    + . .      Spirit   .   x - +1 robe "Assialasa" {rPois rN+}
rPois   +          Reflect  .   (helmet restricted)
rElec   .          Harm     .   k - +2 cloak
rCorr   .          Rampage  .   a - +0 pair of gloves
Will    .....                   (boots unavailable)
Stlth   ++........              s - amulet of magic regeneration
HPRegen 0.13/turn               d - ring of see invisible
MPRegen 0.56/turn               n - +4 ring of protection

@: flying quickly and evasively, lightly drained, quick
A: beak, talons 3, nimble flight
a: Renounce Religion, Stomp


You were on level 7 of the Dungeon.
You worshipped Uskayaw.
Uskayaw was noncommittal.
You visited 2 branches of the dungeon, and saw 8 of its levels.

You collected 248 gold pieces.
You spent 142 gold pieces at shops.

Inventory:

Missiles
 q - 4 datura-tipped darts
Armour
 a - a +0 pair of gloves (worn)
 k - a +2 cloak (worn)
 x - the +1 robe "Assialasa" (worn) {rPois rN+}
   (You bought it in a shop on level 3 of the Dungeon)

   rPois:     It protects you from poison.
   rN:        It protects you from negative energy.
Magical Staves
 l - a staff of earth (weapon)
Jewellery
 d - a ring of see invisible (left hand)
 n - a +4 ring of protection (right hand)
 s - an amulet of magic regeneration (around neck)
 u - a ring of positive energy
Wands
 g - a wand of iceblast (10)
 v - a wand of polymorph (15)
 w - a wand of charming (6)
Scrolls
 e - a scroll of enchant armour
 h - a scroll of amnesia
 i - a scroll of poison
 j - a scroll of magic mapping
 m - a scroll of noise {unknown}
 y - a scroll of identify
Potions
 b - a potion of magic
 c - a potion of lignification {unknown}
 f - 2 potions of mutation
 o - a potion of might {unknown}
 p - a potion of flight
 r - 2 potions of berserk rage
 t - a potion of attraction {unknown}


   Skills:
 + Level 0.3 Fighting
 + Level 3.4 Dodging
 + Level 2.6 Stealth
 + Level 6.6 Spellcasting
 + Level 0.7 Transmutations
 + Level 4.7 Earth Magic


You had 6 spell levels left.
You knew the following spells:

 Your Spells              Type           Power      Damage    Failure   Level
a - Sandblast             Erth           56%        2d13      1%          1
b - Passwall              Tmut/Erth      15%        N/A       7%          2
c - Stone Arrow           Conj/Erth      36%        3d9       16%         3
d - Petrify               Tmut/Erth      19%        N/A       41%         4
e - Fulminant Prism       Conj/Hex       2%         3d6       80%         4

Your spell library contained the following spells:

 Spells                   Type           Power      Damage    Failure   Level
 Magic Dart               Conj           16%        1d3       14%         1
 Searing Ray              Conj           8%         2d4       22%         2
 Portal Projectile        Hex/Tloc       8%         N/A       38%         3
 Tukima's Dance           Hex            4%         N/A       38%         3
 Blade Hands              Tmut           3%         N/A       96%         5


Dungeon Overview and Level Annotations

Branches:
Dungeon (7/15)             Temple (1/1) D:4

Altars:
Ashenzari
Dithmenos
Elyvilon
Fedhas
Gozag
Hepliaklqana
Kikubaaqudgha
Makhleb
Nemelex Xobeh
Okawaru
Qazlal
Ru
Sif Muna
Trog
Uskayaw
Vehumet
Wu Jian
Xom
Yredelemnul
Zin
The Shining One

Shops:
D:3 [


Innate Abilities, Weirdness & Mutations

You have a beak for a mouth.
You have claws for feet.
Your magical nature lets you fly swiftly and evasively.


Message History

The orc warrior hits you with a +0 mace.
You feel a surge of power!
The blast of sand hits the orc warrior.
The orc warrior is moderately wounded.
The orc warrior closely misses you. The orc warrior misses you.
You feel a surge of power!
The blast of sand misses the orc warrior.
The orc warrior closely misses you.
You feel a surge of power!
The blast of sand hits the orc warrior but does no damage.
The orc warrior is moderately wounded.
The orc warrior barely misses you.
The orc warrior hits you with a +0 mace.
You are too injured to fight recklessly!
You are too injured to fight recklessly!
You barely miss the orc warrior. Your peck misses the orc warrior.
The orc warrior is moderately wounded.
The orc warrior closely misses you.
You hit the orc warrior but do no damage.
The orc warrior is moderately wounded.
The orc warrior hits you with a +0 mace!
* * * LOW HITPOINT WARNING * * *
You can no longer pass through a line of other dancers.
You hit the orc warrior.
You claw the orc warrior, but do no damage.
The orc warrior is moderately wounded.
The orc warrior misses you.
You closely miss the orc warrior. Your kick misses the orc warrior.
The orc warrior is moderately wounded.
The orc warrior hits you with a +0 mace.
* * * LOW HITPOINT WARNING * * *
The orc warrior barely misses you.
You completely miss the orc warrior.
You peck the orc warrior, but do no damage.
The orc warrior is moderately wounded.
The orc warrior barely misses you.
You hit the orc warrior but do no damage.
Your peck misses the orc warrior.
The orc warrior is moderately wounded.
The orc warrior hits you with a +0 mace!
You die...

#### #.. #.# ## ###.# #<
#...# #. #...######.. #.
###...........
#.##.............
#.#.@##..#######.
#.#o###..# #...###..###
#.............#
#..)).........#####.#
#....................
.............#.#####.##.#
##..###########.#........#
..>. ..........# #....#


You could see an orc warrior.

Vanquished Creatures
  An ice beast (D:5)
  A black bear (D:5)
  An ogre (D:6)
  A centaur (D:6)
  A necrophage (D:5)
  2 scorpions
  An orc priest (D:4)
  2 hounds
  A jelly (D:5)
  2 iguanas (D:5)
  Jessica (D:3)
  Natasha (thrice) (D:3)
  4 orc wizards (D:4)
  5 adders
  A shadow imp (D:5)
  2 worms (D:2)
  3 dart slugs
  6 orcs
  10 endoplasms
  3 giant cockroaches
  7 hobgoblins
  3 jackals (D:2)
  3 quokkas
  5 ball pythons
  4 bats
  4 frilled lizards
  10 goblins
  7 kobolds
  5 rats
99 creatures vanquished.

Notes
Turn   | Place    | Note
-------+----------+-------------------------------------------
     0 | D:1      | DemonSlayer the Tengu Earth Elementalist began the quest
                  | for the Orb.
     0 | D:1      | Reached XP level 1. HP: 10/10 MP: 4/4
   202 | D:1      | Reached XP level 2. HP: 12/15 MP: 1/6
  1234 | D:1      | Learned a level 2 spell: Passwall
  1445 | D:2      | Reached XP level 3. HP: 19/19 MP: 5/8
  1756 | D:2      | Reached skill level 3 in Spellcasting
  2193 | D:2      | Reached XP level 4. HP: 24/24 MP: 7/9
  2421 | D:2      | Learned a level 3 spell: Stone Arrow
  2647 | D:3      | Noticed Jessica
  2653 | D:3      | Killed Jessica
  2877 | D:3      | Found a faded altar of an unknown god.
  3032 | D:3      | Found Hiat's Antique Armour Emporium.
  3184 | D:3      | Noticed Natasha
  3188 | D:3      | Killed Natasha
  3189 | D:3      | Gained mutation: Your magical nature lets you fly swiftly
                  | and evasively. [Tengu growth]
  3189 | D:3      | Reached XP level 5. HP: 17/28 MP: 6/11
  3411 | D:3      | Noticed Natasha
  3415 | D:3      | Killed Natasha
  3416 | D:3      | Reached skill level 4 in Spellcasting
  3760 | D:3      | Noticed Natasha
  3764 | D:3      | Killed Natasha
  4180 | D:3      | Bought a smoking robe for 142 gold pieces
  4180 | D:3      | Identified the +1 robe "Assialasa" {rPois rN+} (You bought
                  | it in a shop on level 3 of the Dungeon)
  4202 | D:4      | Learned a level 4 spell: Petrify
  4525 | D:4      | Reached XP level 6. HP: 30/32 MP: 8/13
  4608 | D:4      | Found a staircase to the Ecumenical Temple.
  4862 | Temple   | Entered the Ecumenical Temple
  5252 | Temple   | Became a worshipper of Uskayaw the Reveller
  5285 | D:4      | Reached * piety under Uskayaw
  5351 | D:4      | Reached ** piety under Uskayaw
  5354 | D:4      | Reached *** piety under Uskayaw
  5357 | D:4      | Reached skill level 5 in Spellcasting
  5636 | D:4      | Learned a level 4 spell: Fulminant Prism
  5673 | D:5      | Entered Level 5 of the Dungeon
  5702 | D:5      | Reached XP level 7. HP: 36/36 MP: 12/15
  6668 | D:5      | Reached skill level 6 in Spellcasting
  6972 | D:6      | Reached XP level 8. HP: 42/42 MP: 16/18
  7364 | D:7      | Slain by an orc warrior

Illustrated notes

Levels and vault maps discovered:
D:1:      sevenhm_arrival_forest_fort_large_4, layout_basic, minivault_4
D:2:      layout_loops_ring
D:3:      minmay_evil_eye, layout_loops_ring, ebering_ecumenical_altar_hall,
          serial_shops, shop, uniq_jessica, uniq_natasha
D:4:      layout_gridville, minmay_temple_entry_slanted
D:5:      layout_basic
D:6:      wander_river, layout_basic, lemuel_round_altar
D:7:      layout_basic, serial_glass, glass_columns_a, glass_columns_b,
          water_maze_lemuel
Temple:   mainiacjoe_temple_circle_huts

Skill      XL: |  1  2  3  4  5  6  7 |
---------------+----------------------+-----
Spellcasting   | 3 4 5 6 |  6.6
Earth Magic    | 3 4 |  4.7
Dodging        | 3 |  3.4
Fighting       | |  0.3
Stealth        | |  2.6
Transmutations | |  0.7

Action                   |  1- 3 |  4- 6 |  7- 9 || total
-------------------------+-------+-------+-------++-------
Melee: Staff             |     5 |     2 |    10 ||    17
       Peck              |     4 |       |     1 ||     5
       Kick              |       |     1 |     1 ||     2
       Unarmed           |       |     1 |       ||     1
 Cast: Sandblast         |    60 |    68 |    59 ||   187
  Use: Scroll            |       |    10 |     1 ||    11
Armor: Robe              |     9 |     5 |    14 ||    28
       Skin              |       |     1 |       ||     1
Dodge: Dodged            |    14 |    15 |    35 ||    64
